MLB
WASHINGTON WIZARDS @ ST. LOUIS CARDINALS
07/31/2009
 
TOP OF THE 1ST
Washington Wizards batting - Pitching for St. Louis Cardinals : LHP Jorge De La Rosa
Pitching: LHP Jorge De La Rosa
Batting: LHB Alex Gordon 0-0: Foul Ball, location: 2F
0-1: Ball
1-1: Ground out 4-3 (Groundball, 4, EV 84.4 MPH)
Batting: RHB Brad McCann 0-0: Foul Ball, location: 5SF
0-1: Fly out, F7 (Flyball, 7D, EV 78.8 MPH)
Batting: LHB Denard Span 0-0: Ball
1-0: Ball
2-0: SINGLE (Line Drive, 56D, EV 96.3 MPH)
Batting: LHB J D Drew 0-0: Ball
1-0: SINGLE (Groundball, 6MD, EV 93.8 MPH)
Denard Span to second
Runner from 2nd tries for 3rd, SAFE, throw by CF made to third
Batting: RHB Johe Acosta 0-0: Called Strike
0-1: Ball
1-1: Foul Ball, location: 2F
1-2: Ball
2-2: Foul Ball, location: 9LMF
2-2: SINGLE (Line Drive, 8RS, EV 103.8 MPH)
Denard Span scores
J D Drew to second
Batting: LHB Brian McCann 0-0: Fielders Choice at 3rd, U5 (Groundball, 5L, EV 110.0 MPH)
Top of the 1st over - 1 run, 3 hits, 0 errors, 1 left on base; Washington 1 - St. Louis 0
BOTTOM OF THE 1ST
St. Louis Cardinals batting - Pitching for Washington Wizards : LHP Chuck Wanke
Pitching: LHP Chuck Wanke
Batting: LHB Ichiro Suzuki 0-0: Ball
1-0: Ball
2-0: Foul Ball, location: 2F
2-1: Ground out 2-3 (Groundball, 2L, EV 70.6 MPH)
Batting: SHB Angel Pagan 0-0: Called Strike
0-1: Ball
1-1: Ball
2-1: Ball
3-1: SINGLE (Line Drive, 8RS, EV 101.9 MPH)
Batting: LHB Andre Ethier 0-0: Ball
1-0: Ball
2-0: Swinging Strike
2-1: Swinging Strike
2-2: Strikes out looking
Angel Pagan is caught stealing 2nd base 2-6
Batter strikes out.
Bottom of the 1st over - 0 runs, 1 hit, 0 errors, 0 left on base; Washington 1 - St. Louis 0
TOP OF THE 2ND
Washington Wizards batting - Pitching for St. Louis Cardinals : LHP Jorge De La Rosa
Batting: RHB Luis Terrero 0-0: Ball
1-0: Called Strike
1-1: Foul Ball, location: 9LSF
1-2: SINGLE (Line Drive, 6D, EV 103.1 MPH)
Batting: LHB Chase Utley 0-0: Ball
1-0: Ball
2-0: Called Strike
2-1: SINGLE (Flyball, 4D, EV 91.3 MPH)
Luis Terrero to second
Batting: RHB Benji Gil 0-0: Sac Bunt to 15S - play at first, batter OUT! 1-3
Luis Terrero to third
Chase Utley to second
Batting: LHB Alex Gordon 0-0: Ball
1-0: Swinging Strike
1-1: Called Strike
1-2: Foul Ball, location: 23FF
1-2: Strikes out swinging
Batting: RHB Brad McCann 0-0: Fly out, F4 (Popup, 4D, EV 71.9 MPH)
Top of the 2nd over - 0 runs, 2 hits, 0 errors, 2 left on base; Washington 1 - St. Louis 0
BOTTOM OF THE 2ND
St. Louis Cardinals batting - Pitching for Washington Wizards : LHP Chuck Wanke
Batting: SHB Mark Teixeira 0-0: Fly out, F8 (Flyball, 8LD, EV 108.8 MPH)
Batting: RHB Delmon Young 0-0: Called Strike
0-1: Ground out 6-3 (Groundball, 6, EV 101.9 MPH)
Batting: SHB Brian Roberts 0-0: Ball
1-0: Called Strike
1-1: Foul Ball, location: 3FF
1-2: SINGLE (Line Drive, 8LS, EV 93.1 MPH)
Batting: RHB Jorge Cantu 0-0: Ball
1-0: Ball
2-0: Fielders Choice at 2nd, 6-4 (Groundball, 6, EV 108.1 MPH)
Bottom of the 2nd over - 0 runs, 1 hit, 0 errors, 1 left on base; Washington 1 - St. Louis 0
TOP OF THE 3RD
Washington Wizards batting - Pitching for St. Louis Cardinals : LHP Jorge De La Rosa
Batting: LHB Denard Span 0-0: Called Strike
0-1: Called Strike
0-2: Ball
1-2: Ground out 4-3 (Groundball, 4MD, EV 108.8 MPH)
Batting: LHB J D Drew 0-0: Called Strike
0-1: Foul Ball, location: 2F
0-2: Ball
1-2: Ball
2-2: Fly out, F4 (Popup, 34D, EV 66.9 MPH)
Batting: RHB Johe Acosta 0-0: Called Strike
0-1: Foul Ball, location: 7LDF
0-2: Foul Ball, location: 2F
0-2: Fly out, F9 (Line Drive, 89M, EV 105.0 MPH)
Top of the 3rd over - 0 runs, 0 hits, 0 errors, 0 left on base; Washington 1 - St. Louis 0
BOTTOM OF THE 3RD
St. Louis Cardinals batting - Pitching for Washington Wizards : LHP Chuck Wanke
Batting: LHB Pedro Alvarez 0-0: Ball
1-0: Foul Ball, location: 2F
1-1: Ball
2-1: Ball
3-1: Foul Ball, location: 23F
3-2: Ground out 4-3 (Groundball, 4, EV 106.3 MPH)
Batting: RHB Ronny Paulino 0-0: Ground out 6-3 (Groundball, 6, EV 92.5 MPH)
Batting: LHB Ichiro Suzuki 0-0: Foul Ball, location: 7LSF
0-1: Ball
1-1: Ground out 6-3 (Groundball, 6M, EV 100.6 MPH)
Bottom of the 3rd over - 0 runs, 0 hits, 0 errors, 0 left on base; Washington 1 - St. Louis 0
TOP OF THE 4TH
Washington Wizards batting - Pitching for St. Louis Cardinals : LHP Jorge De La Rosa
Batting: LHB Brian McCann 0-0: Foul Ball, location: 2F
0-1: SINGLE (Line Drive, 8RS, EV 102.5 MPH)
Batting: RHB Luis Terrero 0-0: Foul Ball, location: 2F
0-1: Ball
1-1: Called Strike
1-2: Foul Ball, location: 7LSF
1-2: Ball
2-2: Strikes out swinging
Batting: LHB Chase Utley 0-0: Ball
1-0: Foul Ball, location: 3F
1-1: Swinging Strike
1-2: Ball
2-2: Fly out, F8 (Flyball, 8LD, EV 91.3 MPH)
Batting: RHB Benji Gil 0-0: Called Strike
0-1: Foul Ball, location: 2F
0-2: Fly out, F8 (Flyball, 8RD, EV 81.3 MPH)
Top of the 4th over - 0 runs, 1 hit, 0 errors, 1 left on base; Washington 1 - St. Louis 0
BOTTOM OF THE 4TH
St. Louis Cardinals batting - Pitching for Washington Wizards : LHP Chuck Wanke
Batting: SHB Angel Pagan 0-0: SINGLE (Line Drive, 7S, EV 90.6 MPH)
Batting: LHB Andre Ethier 0-0: Ball
1-0: Ball
2-0: Ball
3-0: Called Strike
3-1: Called Strike
3-2: Ground out 6-3 (Groundball, 4M, EV 98.8 MPH)
Angel Pagan to second
Batting: SHB Mark Teixeira 0-0: Ball
1-0: Ball
2-0: Called Strike
2-1: Swinging Strike
2-2: Foul Ball, location: 2F
2-2: Strikes out swinging
Batting: RHB Delmon Young 0-0: Ball
1-0: Ball
2-0: Swinging Strike
2-1: Ground out 5-3 (Groundball, 56, EV 85.6 MPH)
Bottom of the 4th over - 0 runs, 1 hit, 0 errors, 1 left on base; Washington 1 - St. Louis 0
TOP OF THE 5TH
Washington Wizards batting - Pitching for St. Louis Cardinals : LHP Jorge De La Rosa
Batting: LHB Alex Gordon 0-0: Ball
1-0: Ball
2-0: Foul Ball, location: 3FF
2-1: Foul Ball, location: 3F
2-2: Strikes out looking
Batting: RHB Brad McCann 0-0: Ball
1-0: Ground out 6-3 (Groundball, 6, EV 63.8 MPH)
Batting: LHB Denard Span 0-0: Swinging Strike
0-1: Ground out 4-3 (Groundball, 13, EV 88.1 MPH)
Top of the 5th over - 0 runs, 0 hits, 0 errors, 0 left on base; Washington 1 - St. Louis 0
BOTTOM OF THE 5TH
St. Louis Cardinals batting - Pitching for Washington Wizards : LHP Chuck Wanke
Batting: SHB Brian Roberts 0-0: SINGLE (Groundball, 6MD, EV 99.4 MPH)
Batting: RHB Jorge Cantu 0-0: SINGLE (Groundball, 34D, EV 104.4 MPH)
Brian Roberts to second
Runner from 2nd tries for 3rd, SAFE, throw by RF made to third
Batting: LHB Pedro Alvarez 0-0: Ball
1-0: SINGLE (Groundball, 4MD, EV 96.3 MPH)
Brian Roberts scores
Jorge Cantu to second
Runner from 2nd tries for 3rd, SAFE, throw by CF made to third
Batting: RHB Ronny Paulino 0-0: Swinging Strike
0-1: Foul Ball, location: 3F
0-2: Ball
1-2: Ball
2-2: Foul Ball, location: 2LF
2-2: Ball
3-2: Foul Ball, location: 9LDF
3-2: Strikes out looking
Batting: LHB Ichiro Suzuki 0-0: SINGLE (Groundball, 4MD, EV 100.0 MPH)
Jorge Cantu scores
Pedro Alvarez to second
Batting: SHB Angel Pagan 0-0: Ball
1-0: Called Strike
1-1: Swinging Strike
1-2: Foul Ball, location: 5FF
1-2: Strikes out swinging
Batting: LHB Andre Ethier 0-0: SINGLE (Groundball, 25, EV 70.6 MPH) (infield hit)
Pedro Alvarez to third
Ichiro Suzuki to second
Batting: SHB Mark Teixeira 0-0: Ball
1-0: Called Strike
1-1: Ball
2-1: Ball
3-1: Foul Ball, location: 25FF
3-2: GRAND SLAM HOME RUN (Flyball, 7D, EV 95.6 MPH), Distance : 371 ft
Pitching: RHP Rich Harden
Batting: RHB Delmon Young 0-0: Ball
1-0: Called Strike
1-1: SINGLE (Line Drive, 7S, EV 92.5 MPH)
Batting: SHB Brian Roberts 0-0: Ball
1-0: Ground out 4-3 (Groundball, 34S, EV 88.8 MPH)
Bottom of the 5th over - 6 runs, 7 hits, 0 errors, 1 left on base; Washington 1 - St. Louis 6
TOP OF THE 6TH
Washington Wizards batting - Pitching for St. Louis Cardinals : LHP Jorge De La Rosa
Batting: LHB J D Drew 0-0: Ball
1-0: Foul Ball, location: 3F
1-1: Foul Ball, location: 7LSF
1-2: Foul Ball, location: 3F
1-2: Ball
2-2: Foul Ball, location: 3FF
2-2: Ball
3-2: Ground out 4-3 (Groundball, 4, EV 103.8 MPH)
Batting: RHB Johe Acosta 0-0: Called Strike
0-1: Ball
1-1: Ground out 4-3 (Groundball, 4D, EV 95.0 MPH)
Batting: LHB Brian McCann 0-0: SOLO HOME RUN (Flyball, 89XD, EV 103.8 MPH), Distance : 392 ft
Batting: RHB Luis Terrero 0-0: Ball
1-0: Ball
2-0: Ball
3-0: Foul Ball, location: 2F
3-1: Base on Balls
Batting: LHB Chase Utley 0-0: Ball
1-0: Ball
2-0: Ball
3-0: Called Strike
3-1: Base on Balls
Luis Terrero to second
Batting: RHB Benji Gil 0-0: Called Strike
0-1: Swinging Strike
0-2: Foul Ball, location: 2F
0-2: Fly out, F7 (Flyball, 78M, EV 81.3 MPH)
Top of the 6th over - 1 run, 1 hit, 0 errors, 2 left on base; Washington 2 - St. Louis 6
BOTTOM OF THE 6TH
St. Louis Cardinals batting - Pitching for Washington Wizards : RHP Rich Harden
Batting: RHB Jorge Cantu 0-0: Called Strike
0-1: DOUBLE (Flyball, 9LD, EV 93.8 MPH)
Batting: LHB Pedro Alvarez 0-0: Foul Ball, location: 2F
0-1: Ball
1-1: Ball
2-1: Ball
3-1: Called Strike
3-2: Foul Ball, location: 3F
3-2: Base on Balls
Batting: RHB Ronny Paulino 0-0: Ball
1-0: Fly out, F6 (Popup, 6, EV 43.8 MPH)
Batting: LHB Ichiro Suzuki 0-0: Ball
1-0: Swinging Strike
1-1: Ball
2-1: Foul Ball, location: 2F
2-2: Strikes out swinging
Batting: SHB Angel Pagan 0-0: Called Strike
0-1: SINGLE (Groundball, 34D, EV 95.6 MPH)
Jorge Cantu to third
Pedro Alvarez to second
Runner from 3rd tries for Home, SAFE, throw by RF to home
Pitching: RHP Frank Herrmann
Batting: LHB Andre Ethier 0-0: Fly out, F4 (Line Drive, 4, EV 70.6 MPH)
Bottom of the 6th over - 1 run, 2 hits, 0 errors, 2 left on base; Washington 2 - St. Louis 7
TOP OF THE 7TH
Washington Wizards batting - Pitching for St. Louis Cardinals : LHP Jorge De La Rosa
Batting: LHB Alex Gordon 0-0: Foul Ball, location: 2F
0-1: Ball
1-1: SOLO HOME RUN (Flyball, 9D, EV 98.8 MPH), Distance : 369 ft
Batting: RHB Brad McCann 0-0: Ball
1-0: Ball
2-0: Called Strike
2-1: Foul Ball, location: 9LDF
2-2: Fly out, F8 (Flyball, 8RM, EV 97.5 MPH)
Batting: LHB Denard Span 0-0: Ball
1-0: Ball
2-0: Foul Ball, location: 7LSFF
2-1: Foul Ball, location: 2F
2-2: Strikes out swinging
Batting: LHB J D Drew 0-0: Ball
1-0: Foul Ball, location: 7LDF
1-1: Ground out 4-3 (Groundball, 34D, EV 98.1 MPH)
Top of the 7th over - 1 run, 1 hit, 0 errors, 0 left on base; Washington 3 - St. Louis 7
BOTTOM OF THE 7TH
St. Louis Cardinals batting - Pitching for Washington Wizards : RHP Frank Herrmann
Batting: SHB Mark Teixeira 0-0: Ground out U3 (Groundball, 3S, EV 84.4 MPH)
Batting: RHB Delmon Young 0-0: Foul Ball, location: 23FF
0-1: Ball
1-1: Called Strike
1-2: Ball
2-2: Foul Ball, location: 2F
2-2: Ground out 6-3 (Groundball, 56, EV 99.4 MPH)
Batting: SHB Brian Roberts 0-0: Called Strike
0-1: Swinging Strike
0-2: Ground out 5-3 (Groundball, 56, EV 85.0 MPH)
Bottom of the 7th over - 0 runs, 0 hits, 0 errors, 0 left on base; Washington 3 - St. Louis 7
TOP OF THE 8TH
Washington Wizards batting - Pitching for St. Louis Cardinals : LHP Jorge De La Rosa
Pitching: LHP Marc Rzepczynski
Now at 2B: Nook Logan
Now at SS: Jorge Cantu
Now in LF: Carlos Gomez
Batting: RHB Johe Acosta 0-0: Ball
1-0: Called Strike
1-1: Ball
2-1: Ball
3-1: Base on Balls
Batting: LHB Brian McCann 0-0: Ball
1-0: Foul Ball, location: 23F
1-1: Ball
2-1: Ball
3-1: Foul Ball, location: 2F
3-2: Ground out 4-3 (Groundball, 34, EV 86.3 MPH)
Johe Acosta to second
Batting: RHB Luis Terrero 0-0: Foul Ball, location: 7LMF
0-1: Ball
1-1: Ball
2-1: Foul Ball, location: 9LSF
2-2: Ball
3-2: Fly out, F8 (Line Drive, 89M, EV 104.4 MPH)
Batting: LHB Chase Utley 0-0: Fly out, F8 (Line Drive, 78M, EV 95.0 MPH)
Top of the 8th over - 0 runs, 0 hits, 0 errors, 1 left on base; Washington 3 - St. Louis 7
BOTTOM OF THE 8TH
St. Louis Cardinals batting - Pitching for Washington Wizards : RHP Frank Herrmann
Pitching: LHP Kenichiro Idemoto
Batting: RHB Jorge Cantu 0-0: Ball
1-0: Foul Ball, location: 5FF
1-1: Foul Ball, location: 2F
1-2: Strikes out swinging
Batting: LHB Pedro Alvarez 0-0: Ball
1-0: Fly out, F7 (Flyball, 7, EV 81.9 MPH)
Batting: RHB Ronny Paulino 0-0: Foul Ball, location: 23FF
0-1: Ball
1-1: Swinging Strike
1-2: Strikes out swinging
Bottom of the 8th over - 0 runs, 0 hits, 0 errors, 0 left on base; Washington 3 - St. Louis 7
TOP OF THE 9TH
Washington Wizards batting - Pitching for St. Louis Cardinals : LHP Marc Rzepczynski
Pitching: RHP A J Burnett
Pinch Hitting: LHB Nick Markakis 0-0: Called Strike
0-1: Ball
1-1: Swinging Strike
1-2: Ball
2-2: Ball
3-2: Foul Ball, location: 2F
3-2: Foul Ball, location: 25FF
3-2: Ground out U3 (Groundball, 3, EV 102.5 MPH)
Batting: LHB Alex Gordon 0-0: Ball
1-0: Swinging Strike
1-1: Called Strike
1-2: Foul Ball, location: 2F
1-2: Strikes out swinging
Batting: RHB Brad McCann 0-0: Called Strike
0-1: Ground out 5-3 (Groundball, 56, EV 83.8 MPH)
Top of the 9th over - 0 runs, 0 hits, 0 errors, 0 left on base; Washington 3 - St. Louis 7
Friday, May 3rd , 2024 - OOTP Baseball 24.11 Build 85